 Dungeon Crawl Stone Soup version 0.31-a0-1-g4198be8af4 (webtiles) character file.

Game seed: 1885299791555426786

157 Mickster the Chopper (level 5, -4/47 HPs)
             Began as a Hill Orc Berserker on Apr 30, 2023.
             Was a Believer of Trog.
             Slain by an iguana (8 damage)
             ... on level 3 of the Dungeon on May 1, 2023.
             The game lasted 00:20:39 (2953 turns).

Mickster the Chopper (Hill Orc Berserker)           Turns: 2953, Time: 00:20:40

Health: -4/47      AC:  5    Str: 20 (22) XL:     5   Next: 38%
Magic:  5/5        EV: 11    Int:  6 (7)  God:    Trog [**....]
Gold:   119        SH:  0    Dex:  9 (10) Spells: 4/4 levels left

rFire   . . .        b - +2 dagger (venom)
rCold   . . .        (no shield)
rNeg    . . .        i - +0 ring mail
rPois   .            (no helmet)
rElec   .            (no cloak)
rCorr   .            (no gloves)
SInv    .            (no boots)
Will    .....        (no amulet)
Stlth   +            (no ring)
HPRegen 0.27/turn    (no ring)
MPRegen 0.09/turn

%: no passive effects
@: no status effects
A: no striking features
a: Renounce Religion, Berserk, Trog's Hand


You were on level 3 of the Dungeon.
You worshipped Trog.
Trog was pleased with you.
You visited 1 branch of the dungeon, and saw 3 of its levels.

You collected 140 gold pieces.
You spent 21 gold pieces at shops.

Inventory:

Hand Weapons
 a - a +0 hand axe
 b - a +2 dagger of venom (weapon)
 f - a +1 dagger of protection
 h - a +0 sling
 k - a +1 dagger of venom
Missiles
 c - 35 stones
 g - 7 poisoned darts
 m - 6 curare-tipped darts (quivered)
Armour
 i - a +0 ring mail (worn)
Scrolls
 l - a scroll of identify
Potions
 d - 3 potions of curing


   Skills:
 + Level 4.3 Fighting
 * Level 0.5 Short Blades
 - Level 5.8 Axes
 + Level 3.0 Armour
 + Level 2.4 Dodging
 + Level 0.8 Stealth


You had 4 spell levels left.
You didn't know any spells.
Your spell library was empty.

Dungeon Overview and Level Annotations

Branches:
Dungeon (3/15)

Altars:
Xom

Shops:
D:1 *(


Message History

The jackal is moderately wounded.
The jackal bites you.
You hit the jackal.
The jackal looks as sick as possible!
The jackal is severely wounded.
The jackal closely misses you.
You hit the jackal.
You kill the jackal!
Trog accepts your kill.
You feel your dexterity returning.
You hit the rat.
You kill the rat!
Trog accepts your kill.
Your Armour skill increases to level 3!
The iguana bites you!
You see here a jackal corpse.
You hit the iguana but do no damage. The iguana bites you!
You closely miss the iguana. The iguana closely misses you.
You barely miss the iguana. The iguana bites you!
You hit the iguana.
The iguana is poisoned.
You punch the iguana.
The iguana is lightly wounded.
The iguana bites you.
* * * LOW HITPOINT WARNING * * *
You hit the iguana.
The iguana looks even sicker.
The iguana is moderately wounded.
The iguana bites you.
* * * LOW HITPOINT WARNING * * *
You barely miss the iguana.
The iguana is moderately wounded.
The iguana misses you.
You hit the iguana but do no damage.
The iguana looks as sick as possible!
The iguana is heavily wounded.
The iguana closely misses you.
You hit the iguana.
The iguana looks as sick as possible!
The iguana is almost dead.
The iguana bites you.
* * * LOW HITPOINT WARNING * * *
You closely miss the iguana.
The iguana is almost dead.
The iguana bites you!
You die...

#.. #.. # ##.. ## #
##### ...#. ####...#
.... .))'...# ..#
####...# #l# #..####
#@# ##....## ##'#####
####..#####......#
+########..>..'......#
....)........##......#
.............##†.....#
..............†......#
.............#.......#
.............#.......#


You could see an iguana (extremely poisoned).

Vanquished Creatures
  4 gnolls (D:3)
  6 adders
  A worm (D:3)
  2 dart slugs (D:1)
  An orc (D:3)
  7 ball pythons
  3 endoplasms
  A goblin (D:1)
  5 hobgoblins
  8 jackals
  7 kobolds
  A quokka (D:1)
  5 bats
  2 frilled lizards (D:2)
  5 rats
58 creatures vanquished.

Vanquished Creatures (others)
  22 plants (D:3)
22 creatures vanquished.

Grand Total: 80 creatures vanquished

Notes
Turn   | Place    | Note
-------+----------+-------------------------------------------
     0 | D:1      | Mickster the Hill Orc Berserker began the quest for the
                  | Orb.
     0 | D:1      | Reached XP level 1. HP: 19/19 MP: 1/1
    98 | D:1      | Reached XP level 2. HP: 21/27 MP: 2/2
   139 | D:1      | Found Cudu's Weapon Shop.
   163 | D:1      | Found Joebbuo's Assorted Antiques.
   169 | D:1      | Bought a scroll labelled VASAUC PUAHYD for 21 gold pieces
   324 | D:1      | Reached XP level 3. HP: 21/33 MP: 3/3
   496 | D:1      | Found a faded altar of an unknown god.
   568 | D:1      | Reached skill level 5 in Axes
   886 | D:1      | Reached ** piety under Trog
  1125 | D:2      | Found a shimmering altar of Xom.
  1312 | D:2      | Reached XP level 4. HP: 32/40 MP: 4/4
  2458 | D:3      | Reached XP level 5. HP: 24/46 MP: 5/5
  2953 | D:3      | Slain by an iguana

Illustrated notes

Levels and vault maps discovered:
D:1:      heliophobic_arrival_enchanted_forest, layout_basic,
          dreamdust_ecumenical_altar_statues, serial_shops,
          nicolae_shop_just_a_little_nook, shop,
          wander_ebering_terrifying_dragon_lair
D:2:      layout_basic, basic_altar
D:3:      layout_basic, cheibrodos_sewer_entry_bend, nicolae_grassy_gnolls,
          uniq_crazy_yiuf_cottage

Skill      XL: |  1  2  3  4  5 |
---------------+----------------+-----
Dodging        | 2 |  2.4
Axes           | 5 |  5.8
Fighting       | 4 |  4.3
Armour         | 3 |  3.0
Short Blades   | |  0.5
Stealth        | |  0.8

Action                     |  1- 3 |  4- 6 || total
---------------------------+-------+-------++-------
  Melee: Hand axe          |   118 |    65 ||   183
         Punch             |     1 |     1 ||     2
         Dagger            |       |    32 ||    32
 Invoke: Berserk           |     1 |     1 ||     2
         Trog's Hand       |       |     1 ||     1
    Use: Potion            |     2 |     3 ||     5
         Scroll            |     3 |     5 ||     8
   Stab: Sleeping          |     1 |       ||     1
 Armour: Animal skin       |    27 |       ||    27
         Ring mail         |    21 |    35 ||    56
  Dodge: Dodged            |   114 |    54 ||   168

Table legend: (Time is in decaauts)
 A = Elapsed time spent in this place.
 B = Non-inter-level travel time spent in this place.
 C = Inter-level travel time spent in this place.
 D = Time resting spent in this place.
 E = Time spent auto-exploring this place.
 F = Levels seen in this place.
 G = Mean time per level.
                   A        B        C        D        E       F      G
               +--------+--------+--------+--------+--------+-----+--------+
         Total |   2970 |   2846 |    124 |    862 |      0 |   3 |  990.0 |
       Dungeon |   2970 |   2846 |    124 |    862 |      0 |   3 |  990.0 |
               +--------+--------+--------+--------+--------+-----+--------+

Top non-repeatable levels by time:
     D:1: 1080 daAuts
     D:2: 1078 daAuts
     D:3: 811 daAuts
